Unix NetHack Version 3.7.0-60 Work-in-progress - last build Jul 10 2022 06:21:10 (14e6c82d0a2bdcc1d3355b92dfa208a3528279b5,branch:master). Game began 2022-07-11 14:41:19, ended 2022-07-11 15:19:54. elenmirie, chaotic female orcish Rogue -------------------------------- |..................%...........| | --+-----..{.----------|-----..# |.---- |..|...|.|# |.| |{.|...-.| |.+ --+-------|.| ---+-.-----+- .....|)...|.| +.............- -.|....|.| | --|-..%..--+- |.|.@_...| |..|%---.| |.@...[..| |..|...| | |fd----|[|# ---|...| |..-.(.|..## |...| |..|.()|.|[ |...| +..|(.(|.|# | -+--------------..-----.| |..............................| -------------------------------- Elenmirie the Rogue St:16 Dx:18 Co:14 In:9 Wi:9 Ch:10 Chaotic Dlvl:7 $:45 HP:0(38) Pw:14(14) AC:6 Xp:6/440 T:4767 Latest messages: You stop searching. Yermak picks up an orcish shield. You stop searching. Yermak drops an orcish shield. The little dog picks up a stout spear. Yermak misses the giant ant. Yermak bites the giant ant. The giant ant bites Yermak. Yermak picks up an orcish shield. The little dog drops a stout spear. Yermak misses the giant ant. The little dog picks up a stout spear. Yermak bites the giant ant. The giant ant is killed! Yermak eats a giant ant corpse. The little dog drops a stout spear. The little dog picks up a white gem. The little dog drops a white gem. You hear a door open. You hear a gurgling noise. Yermak drops an orcish shield. The little dog picks up an orcish shield. The little dog drops an orcish shield. Yermak picks up an orcish shield. Yermak drops an orcish shield. You stop searching. There is an open door here. You see here a white gem. In what direction? b You throw 2 orcish daggers. The 1st orcish dagger hits the jaguar. The 2nd orcish dagger hits the jaguar. The jaguar hits! The jaguar hits! The jaguar bites! In what direction? b The orcish dagger hits the jaguar. The jaguar hits! The jaguar hits! The jaguar bites! The little dog misses the jaguar. The jaguar hits! The jaguar hits! The jaguar bites! You die... Do you want your possessions identified? [ynq] (y) y Do you want to see your attributes? [ynq] (y) y Do you want an account of creatures vanquished? [ynaq] (y) y Do you want to see your conduct and achievements? [ynq] (y) y Do you want to see the dungeon overview? [ynq] (y) y Major events: Turn 1: elenmirie the chaotic female orcish Rogue entered the dungeon 1568: attained the rank of Cutpurse (level 3) 2520: entered the Gnomish Mines 4071: averted death (killed by a crossbow bolt) 4088: reached Mine Town 4151: attained the rank of Rogue (level 6) 4767: killed by a jaguar Inventory: Amulets B - a cursed amulet of strangulation Weapons H - 5 blessed +1 daggers J - 7 uncursed +0 daggers C - an uncursed +0 elven dagger h - 4 uncursed +0 orcish daggers (at the ready) r - an uncursed +0 elven broadsword (weapon in hand) Armor E - an uncursed +0 oilskin cloak (being worn) c - an uncursed +1 leather armor (being worn) Rings j - a cursed -1 ring of increase damage A - a cursed ring of searching Wands o - an uncursed wand of digging (0:6) I - an uncursed wand of digging (0:4) K - an uncursed wand of make invisible (0:3) Tools w - an uncursed sack containing 11 items e - an uncursed lock pick Gems/Stones F - an uncursed touchstone Contents of the sack: 84 gold pieces 2 uncursed scrolls of create monster an uncursed scroll of enchant weapon an uncursed scroll of light an uncursed scroll of magic mapping an uncursed spellbook of detect monsters an uncursed potion of booze an uncursed potion of gain level an uncursed potion of levitation an uncursed potion of sickness 2 uncursed potions of water Elenmirie the Rogue's attributes: Background: You were a Rogue, level 6 female orc. You were chaotic, on a mission for Kos who was opposed by Issek (lawful) and Mog (neutral). You were in the Gnomish Mines, on level 7. You entered the dungeon 4767 turns ago. You had 440 experience points, 200 more were needed to attain level 7. Basics: You had 0 out of 38 hit points. You had all 14 energy points (spell power). Your armor class was 6. Your wallet contained 45 zorkmids. Autopickup was on for '$' plus thrown. Final Characteristics: Your strength was 16 (limit:18/50). Your dexterity was 18 (limit:18). Your constitution was 14 (peak:15, limit:18). Your intelligence was 9 (limit:16). Your wisdom was 9 (limit:16). Your charisma was 10 (limit:16). Final Status: You were not hungry. You were unencumbered. You were wielding a broadsword. You had basic skill with broadsword. Final Attributes: You were piously aligned. You were poison resistant. You had infravision. You were stealthy. You were guarded. You are dead (2nd time!). Miscellaneous: You never encountered a bones level. Total elapsed playing time was 30 minutes and 41 seconds. Vanquished creatures: a wood nymph a Mordor orc 2 Uruk-hai a rock piercer 2 ponies a shrieker 4 gnome leaders 2 gnomish wizards a giant ant 3 dwarves a homunculus 2 rabid rats 3 giant bats 5 monkeys 2 orc zombies a werejackal 3 iguanas 2 acid blobs 2 coyotes 2 gas spores 2 hobbits a giant rat 2 cave spiders 15 gnomes 3 geckos 4 jackals 3 foxes a kobold 6 grid bugs a bat 7 lichens 2 kobold zombies 7 newts 95 creatures vanquished. No species were genocided or became extinct. Voluntary challenges: You were illiterate. You never engraved Elbereth. You never genocided any monsters. You never polymorphed an object. You never changed form. You used no wishes. Achievements: You entered a shop. You attained the rank of Cutpurse. You entered the Gnomish Mines. You entered Minetown. You attained the rank of Rogue. You entered a temple. The Dungeons of Doom: levels 1 to 5 Level 1: A fountain. Level 2: Level 3: A weapon shop, a fountain. Level 4: Stairs down to The Gnomish Mines. Level 5: The Gnomish Mines: levels 5 to 7 Level 5: Level 6: Level 7: <- You were here. A shop, a temple to Kos, some fountains, a sink. Final resting place for you, killed by a jaguar. Game over: ---------- / \ / REST \ / IN \ / PEACE \ / \ | elenmirie | | 129 Au | | killed by a | | jaguar | | | | | | 2022 | *| * * * | * _________)/\\_//(\/(/\)/\//\/|_)_______ Goodbye elenmirie the Rogue... You died in The Gnomish Mines on dungeon level 7 with 2187 points, and 129 pieces of gold, after 4767 moves. You were level 6 with a maximum of 38 hit points when you died.